 Dungeon Crawl Stone Soup version 0.20.1-1-g8b1a95d (webtiles) character file.

154 slep the Slasher (level 5, -4/41 HPs)
             Began as a Vampire Fighter on Oct 25, 2017.
             Slain by Sigmund
             ... wielding a +0 scythe of venom
              (11 damage)
             ... on level 3 of the Dungeon.
             The game lasted 00:13:00 (2376 turns).

slep the Slasher (Vampire Fighter)                  Turns: 2376, Time: 00:13:01

Health: -4/41      AC:  6    Str: 15    XL:     5   Next: 13%
Magic:  5/5        EV:  7    Int: 10    God:
Gold:   175        SH:  9    Dex: 15    Spells: 4/4 levels left

rFire    . . .     SeeInvis +   a - +0 long sword
rCold    . . .     Gourm    .   c - +0 shield
rNeg     + + .     Faith    .   b - +0 scale mail
rPois    .         Spirit   .   (no helmet)
rElec    .         Reflect  .   (no cloak)
rCorr    .         Harm     .   (no gloves)
MR       .....                  (no boots)
Stlth    ..........             (no amulet)
Regen    0.2/turn               p - ring of positive energy
MPRegen  0.1/turn               (no ring)

@: lethally poisoned (-4 -> -22)
A: fangs 3, see invisible, unbreathing
a: Bat Form


You were on level 3 of the Dungeon.
You were not thirsty.

You visited 1 branch of the dungeon, and saw 3 of its levels.

You collected 175 gold pieces.

Inventory:

Hand Weapons
 a - a +0 long sword (weapon)
 q - a cursed -1 dagger
 t - a +2 dagger of draining
Missiles
 m - 7 tomahawks (quivered)
Armour
 b - a +0 scale mail (worn)
 c - a +0 shield (worn)
 s - a +0 helmet
Jewellery
 p - a ring of positive energy (left hand)
Scrolls
 g - a scroll of teleportation {unknown}
 k - 3 scrolls of identify {unknown}
 n - 2 scrolls of recharging {unknown}
 o - a scroll of noise {unknown}
 v - a scroll of remove curse {unknown}
Potions
 d - 2 potions of might
 e - 36 potions of blood
 f - a potion of heal wounds {unknown}
 h - 3 potions of curing
 i - a potion of cancellation {unknown}
 j - a potion of flight {unknown}
 l - a potion of resistance
 r - a potion of brilliance {unknown}
 u - a potion of invisibility
 w - a potion of haste {unknown}


   Skills:
 + Level 3.0 Fighting
 + Level 3.5 Long Blades
 + Level 3.1 Armour
 + Level 0.7 Dodging
 + Level 1.4 Stealth
 + Level 3.4 Shields


You had 4 spell levels left.
You didn't know any spells.

Dungeon Overview and Level Annotations

Branches:
Dungeon (3/15)

Altars:
Ashenzari
Cheibriados

Annotations:
D:3 Sigmund


Innate Abilities, Weirdness & Mutations

You have razor-sharp teeth.
You have supernaturally acute eyesight. (SInv)
You can survive without breathing.


Message History

You slash Sigmund!
Sigmund is heavily wounded.
You feel sick. Sigmund closely misses you.
You riposte.
You barely miss Sigmund.
Sigmund is heavily wounded.
Your shield and scale mail prevent you from hitting Sigmund.
You bite Sigmund.
Sigmund is severely wounded.
* * * LOW HITPOINT WARNING * * *
You feel very sick.
You hit Sigmund.
Sigmund is severely wounded.
* * * LOW HITPOINT WARNING * * *
You feel sick. Sigmund barely misses you.
You riposte.
You hit Sigmund but do no damage.
Sigmund is severely wounded.
* * * LOW HITPOINT WARNING * * *
You feel sick.
Sigmund hits you from afar with a scythe of venom!
You die...

.. ... ##.## .# #.# ##.#.## . #.#
##.###.####### ..
#.###.#########.##..........
.....#.#..............#.#.######.
.#.........##..#..###....## #.
......#.#.##..#.@###.#.## ##@
#...# #.#..............# #..
#...# #.#..#..#@##.#.### #.#
#...# #.#..#..#......##### #..
##...###.........##.#...>.# #.#
............#.#####.#.....# #.#
............#.## #.......# #.#
...........##..# ###.....# #.#
#.....########.# #.....# #>.
#.....# #.# ####### ### #<....#
#.#


You could see Sigmund.

Vanquished Creatures
  Terence (D:2)
  Robin (D:2)
  5 adders
  A worm (D:2)
  A leopard gecko (D:3)
  An orc (D:3)
  4 giant cockroaches
  15 goblins
  10 hobgoblins
  A jackal (D:2)
  6 kobolds
  A quokka (D:2)
  3 ball pythons
  11 bats
  3 frilled lizards
  2 rats
66 creatures vanquished.

Notes
Turn   | Place    | Note
-------+----------+-------------------------------------------
     0 | D:1      | slep the Vampire Fighter began the quest for the Orb.
     0 | D:1      | Reached XP level 1. HP: 17/17 MP: 1/1
   298 | D:1      | Reached XP level 2. HP: 23/23 MP: 2/2
   752 | D:2      | Found a shattered altar of Ashenzari.
   842 | D:2      | Reached XP level 3. HP: 16/29 MP: 3/3
  1034 | D:2      | Found a snail-covered altar of Cheibriados.
  1281 | D:2      | Noticed Robin
  1310 | D:2      | Killed Robin
  1310 | D:2      | Reached XP level 4. HP: 20/35 MP: 4/4
  1778 | D:3      | Reached skill level 1 in Stealth
  1997 | D:3      | Noticed Terence
  2007 | D:3      | Noticed Sigmund
  2158 | D:2      | Killed Terence
  2158 | D:2      | Reached XP level 5. HP: 14/41 MP: 5/5
  2376 | D:3      | Slain by Sigmund

Skill      XL: |  1  2  3  4 |
---------------+-------------+-----
Shields        | 3 |  3.4
Fighting       | 3 |  3.0
Armour         | 3 |  3.1
Long Blades    | 3 |  3.5
Stealth        | 1 |  1.4
Dodging        | |  0.7

Action                   |  1- 3 |  4- 6 || total
-------------------------+-------+-------++-------
Melee: Long sword        |   119 |   120 ||   239
       Bite              |    12 |    16 ||    28
  Use: Potion            |       |     6 ||     6
 Stab: Sleeping          |     1 |     2 ||     3
Armor: Scale mail        |    51 |    52 ||   103
Dodge: Dodged            |    33 |    37 ||    70
Block: Shield            |    65 |    63 ||   128
       Rpst.: Long sword |    11 |     8 ||    19
